Map: Honorgrounds LE

Players

Kelazhur - Winner!

  • Race: Terran Terran
  • Spawn Location: 7:00

Nerchio

  • Race: Zerg Zerg
  • Spawn Location: 1:00

Event: WCS Austin 2017

VOD

https://www.youtube.com/watch?v=3eyUmW9lMDI&t=6s

Description

Time

  • Played on: April 29, 2017, 11:04 p.m.
  • Length: 16:14

All games in this series

Show
View Real Time Build Order
Export as new Build Order

Kelazhur Terran - Winner!

Build Orders: Reaper Expand, MMM Bio 

Get SALT Encoding   

  12  0:00  SCV  
  13  0:12  SCV  
  14  0:18  Supply Depot  
  14  0:24  SCV  
  15  0:39  SCV  
  15  0:41  Barracks  
  16  0:45  Refinery  
  16  0:52  SCV  
  17  1:04  SCV  
  18  1:16  SCV  
  19  1:28  Reaper, Orbital Command  
  20  1:43  Command Center  
  20  1:54  SCV  
  21  1:58  Barracks  
  21  2:00  Barracks Reactor  
  21  2:06  SCV  
  22  2:10  Supply Depot  
  22  2:14  Refinery  
  22  2:18  SCV  
  23  2:26  Factory  
  23  2:32  SCV  
  24  2:37  Marine x2  
  26  2:45  Barracks Tech Lab, SCV  
  27  2:56  Orbital Command  
  28  2:58  Marine, SCV  
  28  2:59  Marine  
  30  3:07  Stimpack  
  30  3:10  Marine  
  31  3:13  SCV  
  31  3:19  Starport  
  32  3:22  Factory Reactor  
  32  3:26  SCV  
  33  3:28  Marine  
  33  3:29  Marine  
  33  3:33  SCV  
  36  3:36  Marine  
  36  3:38  SCV  
  38  3:45  SCV  
  38  3:46  Supply Depot, Marine  
  38  3:47  Marine  
  41  3:50  SCV  
  41  3:55  Marine  
  43  3:57  SCV  
  45  4:02  SCV  
  45  4:05  Marine  
  45  4:07  Marine  
  45  4:08  Medivac x2  
  51  4:11  Supply Depot  
  51  4:12  Marine, SCV  
  53  4:17  SCV  
  53  4:23  Engineering Bay x2  
  54  4:32  Marine x3, SCV  
  54  4:33  Supply Depot  
  54  4:35  SCV  
  59  4:51  Terran Infantry Weapons Level 1  
  61  4:53  Terran Infantry Armor Level 1  
  61  4:55  SCV x2  
  61  4:56  Supply Depot, Marine x3  
  64  5:07  Combat Shields, SCV  
  64  5:12  SCV  
  64  5:14  Supply Depot, Marine x3  
  67  5:22  SCV  
  67  5:24  SCV  
  67  5:25  Supply Depot  
  69  5:31  Widow Mine, Command Center, Marine  
  69  5:34  Medivac x2  
  76  5:37  SCV x2  
  76  5:39  Supply Depot  
  76  5:42  Marine x2  
  80  5:50  SCV x2  
  80  5:51  Marine  
  80  5:52  Barracks  
  80  5:56  Supply Depot  
  83  6:02  SCV x2  
  85  6:07  Refinery  
  85  6:08  Armory  
  85  6:09  Refinery  
  85  6:12  Marine x3  
  85  6:14  SCV x2  
  90  6:22  Barracks  
  90  6:23  Factory Reactor  
  90  6:25  Barracks  
  90  6:30  Marine x3  
  93  6:34  SCV x2  
  93  6:37  Concussive Shells  
  95  6:40  Barracks Reactor  
  94  6:49  Marine x2  
  94  6:53  Marine  
  92  7:00  Widow Mine x2  
  93  7:07  Marine  
  80  7:16  Marine x2  
  80  7:17  Barracks Reactor x2  
  80  7:18  SCV x2  
  80  7:21  Marine  
  80  7:22  Terran Infantry Weapons Level 2, Marauder, Terran Infantry Armor Level 2  
  85  7:25  Marine  
  84  7:30  Unknown, SCV  
  84  7:31  Widow Mine x2  
  84  7:34  Marine  
  90  7:37  Orbital Command  
  90  7:38  SCV  
  90  7:39  Marine  
  90  7:40  Marine  
  93  7:45  Marine  
  93  7:46  Marauder  
  96  7:53  Command Center  
  96  7:54  Marine x2  
  96  7:55  Marine x3  
  96  7:56  SCV  
  96  7:57  Marine  
  103  7:59  Medivac  
  103  8:00  Medivac  
  103  8:04  Marine  
  108  8:11  Barracks, Marine  
  108  8:12  Barracks, Marauder  
  111  8:14  Marine x3  
  111  8:15  Barracks  
  111  8:16  Marine x2  
  116  8:24  Marine x2  
  118  8:29  Marine, SCV x3  
  118  8:31  Supply Depot  
  122  8:39  Marauder, Marine  
  125  8:50  Marine  
  125  8:53  Marine x6  
  125  8:55  Supply Depot  
  131  8:57  Supply Depot  
  131  9:00  Marauder  
  131  9:02  Marine, Barracks Tech Lab  
  133  9:03  Barracks Tech Lab x2  
  133  9:06  Planetary Fortress  
  133  9:09  SCV x3  
  135  9:13  Marine x5  
  140  9:21  Marauder  
  140  9:28  Marauder  
  140  9:30  Marauder  
  143  9:31  Marauder, Marine  
  143  9:32  Marine x6  
  143  9:34  Widow Mine x2  
  143  9:35  Medivac x2  
  160  9:43  Marauder  
  161  9:48  Marine  
  161  9:49  Marine x3, Unknown x4, Marauder  
  161  9:51  Marauder  
  169  9:53  Marauder, SCV  
  169  9:56  Terran Infantry Weapons Level 3, SCV  
  171  10:04  Marine  
  172  10:09  Marine  
  172  10:10  Marine  
  172  10:13  Marauder  
  172  10:21  Terran Infantry Armor Level 3  
  172  10:29  Supply Depot x2  
  172  10:31  Marine x2  
  172  10:32  Marine x3  
  172  10:33  Marauder x2, Marine  
  172  10:34  Marauder x2  
  166  10:37  Marine  
  135  10:51  Marine x4  
  135  10:52  Marine x3  
  135  10:55  Marauder x4, Marine  
  145  10:58  Medivac x2  
  147  11:04  Widow Mine x2  
  147  11:06  Barracks  
  147  11:07  Barracks  
  147  11:08  Barracks  
  147  11:09  Marine x3  
  147  11:10  Liberator x2  
  154  11:12  Marine  
  154  11:16  Marauder x3, Marine  
  154  11:17  Marauder, Marine  
  154  11:18  Marine  
  166  11:19  Marine  
  167  11:29  Supply Depot  
  173  11:37  Marauder x2  
  162  11:44  Marauder  
  162  11:46  Marauder, Marine x8  
  167  11:49  Widow Mine x2  
  171  11:57  Liberator  
  171  11:58  Liberator, Barracks Tech Lab x2  
  171  11:59  Marauder x2, Barracks Tech Lab  
  175  12:03  Marine  
  175  12:05  Marauder  
  175  12:07  Marauder  
  180  12:11  Marine  
  180  12:12  Marine x6  
  193  12:18  Marauder  
  193  12:21  Marine  
  196  12:31  Marauder x4  
  196  12:33  Supply Depot, Marauder  
  196  12:45  Liberator x2  
  196  12:50  Marine x2  
  196  12:51  Marauder, Marine  
  196  12:52  Marine  
  196  12:53  Marine x5  
  196  12:54  Marauder  
  196  12:55  Marauder x2, Marine  
  190  13:01  Marauder  
  190  13:05  Widow Mine  
  200  13:12  Marauder  
  183  13:15  Marine  
  183  13:18  Widow Mine, Marauder x2, Marine x2  
  183  13:19  Marauder x2  
  193  13:30  Marauder x2, Marine x3  
  200  13:36  Widow Mine  
  200  13:45  Medivac x2, Marine x4  
  200  13:46  Marauder  
  178  13:49  Marauder x4, Marine  
  178  13:51  Marauder  
  175  14:05  Marauder, Marine x5  
  175  14:06  Liberator  
  175  14:07  Marauder  
  171  14:22  Marauder x2, Marine x6  
  171  14:23  Marine  
  167  14:32  Widow Mine x2, Marauder  
  167  14:36  Marauder  
  168  14:39  Marine x4  
  168  14:40  Marine  
  168  14:41  Marauder x2  
  177  14:51  Marauder  
  179  14:57  Orbital Command  
  169  15:02  Marauder x2, Marine  
  174  15:10  Marauder  
  174  15:13  Marauder, Marine x2  
  174  15:14  Marine x4  
  177  15:21  Medivac  
  177  15:22  Marine  
  177  15:23  Marauder  
  180  15:32  Marauder  
  180  15:34  Marauder  
  177  15:36  Marine  
  177  15:41  Marauder  
  180  15:43  Marauder  
  180  15:47  Marauder, Marine x4  
  184  15:55  Marine x5  
  184  15:56  Marine  
  191  16:05  Refinery x2  
Show
View Real Time Build Order
Export as new Build Order

Nerchio Zerg 

Build Orders: Hatch First 

Get SALT Encoding   

  12  0:00  Drone  
  13  0:12  Overlord  
  13  0:17  Drone  
  14  0:30  Drone x2  
  14  0:34  Drone  
  17  0:54  Hatchery  
  16  0:57  Drone  
  16  1:00  Drone  
  18  1:07  Extractor  
  17  1:15  Spawning Pool  
  16  1:19  Drone  
  16  1:23  Drone  
  18  1:28  Drone  
  19  1:38  Overlord  
  19  1:49  Drone  
  20  2:02  Queen  
  20  2:03  Zergling x2  
  20  2:06  Queen  
  25  2:09  Metabolic Boost  
  25  2:13  Zergling x2  
  26  2:16  Drone  
  26  2:19  Drone  
  29  2:22  Drone  
  29  2:28  Drone  
  30  2:32  Drone  
  31  2:37  Queen  
  31  2:39  Drone  
  31  2:43  Drone  
  35  2:48  Overlord  
  35  3:04  Drone  
  36  3:05  Hatchery  
  36  3:06  Drone  
  36  3:08  Drone  
  36  3:09  Drone  
  36  3:11  Drone  
  39  3:13  Drone  
  39  3:15  Drone  
  39  3:19  Overlord  
  41  3:22  Drone  
  42  3:29  Roach Warren  
  42  3:31  Drone  
  42  3:33  Zergling x2  
  44  3:34  Zergling x2  
  44  3:41  Overlord  
  44  3:44  Drone  
  44  3:45  Drone  
  44  3:48  Drone x3, Extractor  
  48  3:51  Evolution Chamber  
  48  3:52  Drone  
  48  3:57  Lair  
  48  4:07  Drone x3  
  48  4:08  Extractor  
  49  4:10  Drone  
  49  4:11  Roach  
  49  4:12  Roach  
  49  4:16  Overlord  
  54  4:18  Roach  
  54  4:22  Roach x2  
  60  4:25  Roach  
  62  4:34  Overlord x2  
  62  4:40  Drone x2  
  62  4:41  Drone x2  
  62  4:45  Zerg Ground Armor Level 1  
  66  4:50  Overlord  
  66  4:52  Roach x2  
  70  4:58  Drone x3  
  70  4:59  Drone, Extractor  
  73  5:03  Roach  
  77  5:07  Roach  
  77  5:09  Roach  
  77  5:13  Roach x2  
  83  5:17  Roach  
  79  5:24  Drone x4  
  79  5:25  Drone x2  
  85  5:32  Drone  
  85  5:33  Infestation Pit, Roach  
  85  5:34  Roach  
  89  5:37  Roach  
  89  5:39  Overlord  
  91  5:43  Queen  
  91  5:47  Overlord  
  93  5:51  Drone, Spore Crawler  
  93  5:52  Overseer  
  93  5:55  Drone x2  
  93  5:56  Evolution Chamber  
  94  6:02  Drone x4  
  98  6:04  Overlord  
  98  6:09  Infestor  
  98  6:10  Infestor  
  102  6:12  Roach  
  102  6:13  Roach  
  102  6:15  Roach  
  108  6:18  Overlord  
  108  6:20  Roach  
  108  6:21  Roach  
  112  6:33  Zerg Melee Weapons Level 1  
  112  6:36  Roach x3  
  112  6:37  Overlord, Extractor  
  117  6:41  Roach x2  
  117  6:42  Roach x2  
  117  6:45  Roach  
  122  6:49  Roach x2  
  122  6:53  Roach  
  118  6:59  Overlord  
  108  7:02  Roach x3  
  108  7:04  Roach x4  
  108  7:06  Roach  
  113  7:12  Drone x2  
  113  7:13  Drone x2  
  113  7:15  Drone  
  113  7:17  Drone  
  113  7:20  Hive  
  113  7:21  Extractor  
  114  7:29  Drone  
  115  7:30  Drone  
  115  7:31  Drone, Hatchery  
  115  7:34  Drone  
  115  7:35  Drone  
  115  7:36  Drone  
  115  7:37  Drone  
  120  7:44  Zerg Ground Armor Level 2  
  120  7:48  Glial Reconstitution  
  120  7:52  Overlord  
  120  7:56  Infestor  
  122  7:59  Roach x4  
  122  8:01  Extractor  
  122  8:05  Overlord  
  129  8:10  Queen, Overlord x2  
  131  8:14  Drone x3  
  134  8:22  Overlord x2  
  134  8:24  Burrow  
  134  8:28  Drone x2  
  134  8:29  Drone x7  
  134  8:32  Ravager  
  134  8:33  Ravager  
  145  8:35  Ultralisk Cavern  
  146  8:41  Ravager x2  
  146  8:42  Zergling x12  
  146  8:43  Zergling x2  
  151  8:50  Zergling x2  
  151  8:53  Zergling x2  
  151  8:54  Zergling x12  
  157  8:55  Overseer  
  157  8:59  Overlord  
  157  9:03  Zerg Melee Weapons Level 2  
  157  9:11  Overlord  
  157  9:12  Drone x2  
  157  9:14  Extractor  
  156  9:25  Chitinous Plating  
  156  9:26  Ultralisk x2  
  156  9:27  Ultralisk  
  172  9:38  Drone x2  
  172  9:41  Ultralisk  
  180  9:47  Spore Crawler  
  180  9:49  Hatchery  
  178  10:01  Spire, Baneling Nest, Ultralisk  
  178  10:04  Spore Crawler  
  178  10:05  Drone x3  
  184  10:07  Spore Crawler  
  184  10:08  Spore Crawler  
  184  10:13  Queen  
  178  10:17  Ultralisk  
  184  10:21  Drone x3  
  184  10:22  Drone  
  184  10:23  Infestor x2  
  184  10:24  Spore Crawler  
  182  10:36  Zergling x2  
  182  10:37  Zergling x30  
  198  10:48  Ultralisk x2  
  190  10:51  Zergling x4  
  191  10:57  Zerg Ground Armor Level 3  
  191  11:02  Overlord x2  
  191  11:08  Overlord, Centrifical Hooks  
  191  11:13  Overlord  
  191  11:20  Greater Spire, Corruptor x2  
  191  11:23  Corruptor  
  197  11:27  Corruptor  
  199  11:39  Infestor  
  194  11:45  Zergling x10  
  199  11:57  Hatchery  
  199  12:00  Spire  
  197  12:10  Zerg Melee Weapons Level 3  
  197  12:19  Extractor  
  197  12:21  Extractor  
  195  12:28  Hatchery  
  194  12:33  Hatchery  
  194  12:34  Baneling x5  
  194  12:35  Baneling x30  
  194  12:36  Baneling x2  
  193  12:37  Baneling  
  191  12:55  Zergling x38  
  191  12:57  Ultralisk x2  
  164  13:02  Queen, Zergling x2  
  164  13:03  Zergling x8  
  164  13:04  Ultralisk  
  163  13:15  Ultralisk  
  166  13:20  Hatchery  
  166  13:23  Ultralisk  
  166  13:27  Zergling x14  
  172  13:34  Corruptor  
  172  13:44  Corruptor x3  
  172  13:47  Zergling x6  
  152  13:51  Zergling x4  
  152  13:52  Zergling x4  
  152  13:54  Zergling x2  
  151  13:56  Zergling x4  
  151  13:58  Zergling x2  
  143  14:05  Zergling x2  
  143  14:06  Zergling x4  
  143  14:07  Baneling x2  
  143  14:08  Baneling x4  
  146  14:12  Ultralisk  
  146  14:14  Zergling x4  
  139  14:20  Zergling x4  
  139  14:21  Zergling x4  
  122  14:33  Ultralisk  
  122  14:35  Ultralisk  
  122  14:36  Baneling  
  122  14:37  Baneling x3  
  128  14:38  Zergling x2  
  128  14:39  Zergling x2  
  128  14:43  Zergling x6  
  128  14:44  Zergling x2  
  133  14:56  Ultralisk  
  128  15:00  Zergling x12  
  128  15:02  Zergling x4  
  128  15:04  Zergling x2  
  128  15:06  Zergling x2  
  128  15:07  Zergling x4  
  132  15:08  Zergling x2  
  121  15:17  Ultralisk  
  121  15:20  Zergling x6  
  130  15:25  Zergling x6  
  129  15:35  Zergling x10  
  122  15:43  Zergling x6  
  122  15:44  Zergling x6  
  114  15:56  Overlord  
Tags
 
Add a new tag
Caveats
  • Supply blocks, unpowered buildings, or Contaminate may cause inaccurate times.
  • Supply counts are checked every 10 seconds.